 Dungeon Crawl Stone Soup version 0.31-b1-17-gcfd88c8481 (webtiles) character file.

Game seed: 9254559265189068926

165 Aldia the Ruffian (level 5, 0/39 HPs)
             Began as a Merfolk Shapeshifter on Jan 15, 2024.
             Was an Initiate of Okawaru.
             Slain by a gnoll
             ... wielding a +0 flail
              (10 damage)
             ... on level 3 of the Dungeon.
             The game lasted 00:05:23 (2704 turns).

Aldia the Ruffian (Merfolk Shapeshifter)            Turns: 2704, Time: 00:05:24

Health: 0/39       AC:  2    Str: 17    XL:     5   Next: 46%
Magic:  6/6        EV: 13    Int:  9    God:    Okawaru [......]
Gold:   172        SH:  0    Dex: 13    Spells: 4/4 levels left

rFire   . .          .
                       - Unarmed
rCold   . . .        (no shield)
rNeg    . . .        a - +0 animal skin
rPois   .            (helmet currently unavailable)
rElec   .            (cloak currently unavailable)
rCorr   .            (gloves currently unavailable)
SInv    .            (boots currently unavailable)
Will    .....        (no amulet)
Stlth   +            (no ring)
HPRegen 0.26/turn    (no ring)
MPRegen 0.10/turn

%: no passive effects
@: beast-form
A: beast (slay +2), (nimble swimmer 2), mertail
a: Begin Untransformation, Renounce Religion


You were on level 3 of the Dungeon.
You worshipped Okawaru.
Okawaru was noncommittal.
You were a hulking beast.
You visited 1 branch of the dungeon, and saw 3 of its levels.

You collected 172 gold pieces.

Inventory:

Armour
 a - a +0 animal skin (worn)
Talismans
 c - a beast talisman
 d - a flux talisman
Scrolls
 e - a scroll of fog
 f - a scroll of enchant armour {unknown}
 g - 3 scrolls of teleportation
 h - a scroll of immolation {unknown}
 i - a scroll of butterflies {unknown}
 j - a scroll of vulnerability {unknown}
 n - a scroll of torment {unknown}
Potions
 b - a potion of degeneration {unknown}
 k - a potion of mutation {unknown}
 l - a potion of resistance
 m - a potion of curing
 o - a potion of heal wounds {unknown}
 p - 2 potions of cancellation


   Skills:
 + Level 2.6 Fighting
 + Level 4.0 Dodging
 * Level 4.8 Unarmed Combat
 + Level 1.7 Invocations
 - Level 4.2 Shapeshifting


You had 4 spell levels left.
You didn't know any spells.
Your spell library contained the following spells:

 Spells                   Type           Power      Damage    Failure   Level
 Necrotise                Necr           0%         1d4       38%         1
 Lesser Beckoning         Tloc           0%         N/A       52%         2
 Gell's Gravitas          Tloc           0%         N/A       77%         3
 Teleport Other           Tloc           0%         N/A       77%         3
 Vampiric Draining        Necr           0%         2d6       77%         3
 Curse of Agony           Necr           0%         N/A       100%        5
 Martyr's Knell           Necr/Summ      Unusable   N/A       N/A         4

Dungeon Overview and Level Annotations

Branches:
Dungeon (3/15)

Altars:
Kikubaaqudgha
Okawaru


Innate Abilities, Weirdness & Mutations

You are a hulking beast.
Your limbs bulge with bestial killing power. (Slay +2)
((You are very nimble when in or above water. (Stealth+, EV+, Speed+++)))
Your lower body shifts to a powerful aquatic tail in water.


Message History

The bombardier beetle is heavily wounded.
The bombardier beetle waves its antennae.
The bombardier beetle barely misses you.
You closely miss the bombardier beetle.
The bombardier beetle is heavily wounded.
The bombardier beetle barely misses you.
You hit the bombardier beetle.
The bombardier beetle is severely wounded.
You hit the bombardier beetle.
You kill the bombardier beetle!
Okawaru accepts your kill.
Your Dodging skill increases to level 4!
No target in view!
No target in view!
You now have 172 gold pieces (gained 5).
There is an open door here.
You open the door.
There is an open door here.
There is an open door here.
There is an open door here.
A gnoll comes into view. It is wielding a +0 flail.
The gnoll moves out of view. 2 gnolls come into view.
The gnoll moves out of view.
A gnoll comes into view. It is wielding a +0 whip.
The gnoll shouts!
A gnoll comes into view. It is wielding a +0 spear.
The gnoll shouts!
The gnoll hits you with a +0 flail!
The gnoll shouts!
You hit the gnoll.
The gnoll is moderately wounded.
The gnoll hits you with a +0 flail!
You hit the gnoll.
The gnoll is heavily wounded.
The gnoll hits you with a +0 flail! The gnoll attacks as it pursues you!
The gnoll hits you with a +0 flail.
* * * LOW HITPOINT WARNING * * *
The gnoll barely misses you. The gnoll hits you with a +0 flail!
You die...

#.#.#..................######
#.#.########...........# ## #.#.#
#...........# .. #.#.#
#...........# # # #.#.#
#...........# #.## #.#.#
#...........# #... #.#.#
###...........###... #####.#.#
#..gg..)........#...
#.....#.######.#h#.g...#####.#.##
##.####.##...#.#.............#.##
#.# #..'...'.#....#...........'
#.#######...#.######.##.......##
#.##....'...#........##.########
#.##.####...###########.# #
#.##.# ###......# #.# # #.##.#
#......# #.######## #.##.#
#......#### #.#.......


You could see 2 gnolls.

Vanquished Creatures
  A bombardier beetle (D:3)
  An iguana (D:3)
  2 adders
  2 gnolls (D:3)
  A dart slug (D:2)
  3 orcs (D:3)
  4 bats
  7 endoplasms
  2 giant cockroaches (D:3)
  9 goblins
  9 hobgoblins
  4 jackals (D:1)
  A quokka (D:3)
  7 ball pythons
  4 frilled lizards
  A kobold (D:3)
  3 rats
61 creatures vanquished.

Notes
Turn   | Place    | Note
-------+----------+-------------------------------------------
     0 | D:1      | Aldia the Merfolk Shapeshifter began the quest for the Orb.
     0 | D:1      | Reached XP level 1. HP: 15/15 MP: 1/1
   236 | D:1      | Reached XP level 2. HP: 17/21 MP: 2/2
   579 | D:1      | Found a faded altar of an unknown god.
   603 | D:1      | Reached XP level 3. HP: 18/27 MP: 3/3
   608 | D:1      | Prayed at the altar of an unknown god.
   608 | D:1      | Became a worshipper of Warmaster Okawaru
   608 | D:1      | Reached * piety under Okawaru
  1245 | D:2      | Found an ancient bone altar of Kikubaaqudgha.
  1432 | D:2      | Reached XP level 4. HP: 33/33 MP: 4/4
  1748 | D:3      | Reached skill level 1 in Invocations
  2061 | D:3      | Noticed a gnoll sergeant
  2275 | D:3      | Reached XP level 5. HP: 6/39 MP: 6/6
  2704 | D:3      | Slain by a gnoll

Illustrated notes

Levels and vault maps discovered:
D:1:      wander_arrival_chamber, layout_basic,
          shapermc_ecumenical_altar_notcrosses
D:2:      layout_basic, basic_altar, grunt_ministairs_5
D:3:      layout_basic

Skill      XL: |  1  2  3  4  5 |
---------------+----------------+-----
Dodging        | 3 4 |  4.0
Unarmed Combat | 4 |  4.8
Fighting       | 2 |  2.6
Invocations    | 1 |  1.7
Shapeshifting  | |  4.2

Action                     |  1- 3 |  4- 6 || total
---------------------------+-------+-------++-------
  Melee: Unarmed           |    78 |    94 ||   172
         Punch             |     1 |     2 ||     3
 Invoke: Heroism           |       |     2 ||     2
    Use: Scroll            |       |     5 ||     5
         Potion            |       |     3 ||     3
   Stab: Distracted        |     1 |     1 ||     2
 Armour: Animal skin       |    30 |    52 ||    82
         Skin              |       |     5 ||     5
  Dodge: Dodged            |    29 |    55 ||    84
